 Dungeon Crawl Stone Soup version 0.20-a0-710-g71b569a (webtiles) character file.

6007 Firecrotchwizard the Cleaver (level 10, -10/94 HPs)
             Began as a Minotaur Berserker on Feb 21, 2017.
             Was a High Priest of Trog.
             Killed by divine providence
             ... invoked by an orc priest
              (17 damage)
             ... on level 10 of the Dungeon.
             The game lasted 00:20:14 (8185 turns).

Firecrotchwizard the Cleaver (Minotaur Berserker)   Turns: 8185, Time: 00:20:15

Health: -10/94     AC: 22    Str: 21    XL:     10   Next: 56%
Magic:  9/9        EV: 11    Int:  4    God:    Trog [*****.]
Gold:   465        SH:  0    Dex: 14    Spells: 9/9 levels left

rFire    + . .     SeeInvis .   W - +1 battleaxe (chop)
rCold    + . .     Gourm    .   g - +0 chain mail
rNeg     . . .     Faith    .   (shield currently unavailable)
rPois    .         Spirit   .   (helmet restricted)
rElec    .         Reflect  .   K - scarf {rC+ rF+}
rCorr    .         Harm     .   f - +2 pair of gloves
MR       .....                  Q - +2 pair of boots
Stlth    ..........             (no amulet)
Regen    0.3/turn               z - +2 ring of protection
MPRegen  0.2/turn               A - +3 ring of protection

@: no status effects
A: retaliatory headbutt, horns 2
a: Berserk, Trog's Hand, Brothers in Arms, Burn Spellbooks, Renounce Religion


You were on level 10 of the Dungeon.
You worshipped Trog.
Trog was extremely pleased with you.
You were not hungry.

You visited 1 branch of the dungeon, and saw 10 of its levels.

You collected 517 gold pieces.
You spent 52 gold pieces at shops.

Inventory:

Hand Weapons
 a - a +0 hand axe
 O - a +0 broad axe
 W - a +1 battleaxe of chopping (weapon)
Missiles
 v - 3 throwing nets
 B - 7 tomahawks (quivered)
Armour
 b - a +0 animal skin
 f - a +2 pair of gloves (worn)
 g - a +0 chain mail (worn)
 j - a +2 buckler
 q - a scarf of cold resistance
 K - a scarf of resistance (worn)
 Q - a +2 pair of boots (worn)
Jewellery
 h - an uncursed ring of stealth
 p - an uncursed ring of magical power
 z - a +2 ring of protection (right hand)
 A - a +3 ring of protection (left hand)
Wands
 x - a wand of paralysis (11/24)
 y - a wand of digging (24/24)
 E - a wand of polymorph (11/24)
 F - a wand of random effects (24/48)
 H - a wand of flame (28/48)
 L - a wand of random effects (16/48)
 S - a wand of flame (29/48)
Scrolls
 d - 3 scrolls of identify
 l - 7 scrolls of remove curse
 n - 3 scrolls of magic mapping
 s - 2 scrolls of recharging
 C - a scroll of silence
 M - 4 scrolls of teleportation
 N - 3 scrolls of blinking
 P - a scroll of noise
 T - a scroll of enchant armour
Potions
 e - 3 potions of brilliance
 i - a potion of heal wounds
 k - a potion of mutation {unknown}
 m - a potion of lignification {unknown}
 o - a potion of flight {unknown}
 r - a potion of haste
 t - 4 potions of curing {unknown}
 u - 3 potions of resistance {unknown}
 D - a potion of cancellation {unknown}
 I - a potion of degeneration {unknown}
 J - a potion of agility {unknown}
 V - a potion of ambrosia {unknown}
Miscellaneous
 R - a phantom mirror
Comestibles
 c - 8 bread rations
 w - 4 fruits
 G - 4 meat rations
 U - 9 royal jellies
 X - 4 chunks of flesh


   Skills:
 * Level 10.8 Fighting
 * Level 11.1 Axes
 + Level 4.1 Throwing
 + Level 7.4 Armour
 + Level 6.6 Dodging
 - Level 4.6 Shields


You had 9 spell levels left.
You didn't know any spells.

Dungeon Overview and Level Annotations

Branches:
Dungeon (10/15)            Temple (0/1) D:7
   Lair: D:8-11         Orc: D:9-12

Altars:
Cheibriados
Kikubaaqudgha
Makhleb
Okawaru
Qazlal
Vehumet
Xom
Zin
The Shining One

Shops:
D:5 *


Innate Abilities, Weirdness & Mutations

You reflexively headbutt those who attack you in melee.
You have a pair of horns on your head.


Message History

The orc priest mumbles some strange prayers to Beogh against you.
Beogh smites you!
You hit the two-headed ogre but do no damage.
The two-headed ogre is lightly wounded.
The two-headed ogre hits you with a giant club. x2
Your chain mail prevents you from hitting the two-headed ogre.
You headbutt the two-headed ogre, but do no damage.
The two-headed ogre is lightly wounded.
The two-headed ogre hits you with a giant club!
* * * LOW HITPOINT WARNING * * *
The two-headed ogre hits you but does no damage.
You completely miss the two-headed ogre.
The two-headed ogre is lightly wounded.
The two-headed ogre hits you with a giant club!
* * * LOW HITPOINT WARNING * * *
The two-headed ogre hits you with a giant club.
* * * LOW HITPOINT WARNING * * *
The orc priest mumbles some strange prayers to Beogh against you.
Beogh smites you!
You die...

....## #...# ##
#/..######.###
.##[.##...........##
....}.............#.
.##..##...........#.
..####†).##.........
.o....))##........##
########)#.#########
#.oO@...)##..#
....[o####...##..#
...8. ##)8.##.# ....
'...# .# ... ##.8.#
# .. ...## . ..##
#'# ..#


You could see a two-headed ogre and 2 orc priests.

Vanquished Creatures
  A two-headed ogre (D:9)
  A queen bee (D:9)
  Prince Ribbit (D:8)
  The ghost of dickylongcocking the Magician, an amateur OpWz (D:4)
  A warg (D:10)
  A water moccasin (D:7)
  2 orc warriors (D:10)
  An ice beast (D:7)
  2 phantoms
  2 sky beasts
  3 centaurs
  The ghost of shmesh the Skirmisher, an amateur DsBe of Trog (D:3)
  5 ogres
  2 big kobolds
  3 bullfrogs
  A scorpion (D:7)
  29 killer bees
  3 wights (D:6)
  6 howler monkeys
  3 crimson imps
  A bullfrog zombie (D:5)
  3 quasits
  4 hounds
  3 jellies
  2 orc priests
  2 bullfrog skeletons
  3 centaur skeletons
  5 orc wizards
  4 worker ants
  Robin (D:2)
  3 gnolls (D:3)
  10 adders
  2 shadow imps
  3 oozes
  3 worms
  2 dart slugs
  6 leopard geckos
  20 orcs
  4 giant cockroaches
  16 goblins
  6 hobgoblins
  15 jackals
  6 quokkas
  A ball python (D:5)
  3 bats
  9 frilled lizards
  A giant cockroach zombie (D:5)
  14 kobolds
  A leopard gecko skeleton (D:4)
  A leopard gecko zombie (D:8)
  A quokka skeleton (D:4)
  9 rats
233 creatures vanquished.

Notes
Turn   | Place    | Note
-------+----------+-------------------------------------------
     0 | D:1      | Firecrotchwizard the Minotaur Berserker began the quest for the Orb.
     0 | D:1      | Reached XP level 1. HP: 19/19 MP: 0/0
   237 | D:1      | You fall through a shaft!
   244 | D:2      | Reached XP level 2. HP: 26/27 MP: 1/1
   245 | D:2      | Reached skill level 4 in Axes
   301 | D:2      | Reached XP level 3. HP: 28/34 MP: 2/2
   513 | D:1      | Reached ** piety under Trog
  1192 | D:2      | Reached XP level 4. HP: 41/41 MP: 3/3
  1244 | D:2      | Noticed Robin
  1258 | D:2      | Killed Robin
  1258 | D:2      | Reached skill level 1 in Shields
  1433 | D:2      | Reached skill level 5 in Fighting
  1644 | D:3      | Found a snail-covered altar of Cheibriados.
  1686 | D:3      | Found a radiant altar of Vehumet.
  1723 | D:3      | Noticed shmesh's ghost (amateur DsBe)
  1735 | D:3      | Killed shmesh's ghost
  1735 | D:3      | Reached skill level 5 in Axes
  1735 | D:3      | Reached XP level 5. HP: 48/48 MP: 4/4
  1823 | D:3      | Found a glowing golden altar of the Shining One.
  2072 | D:3      | Reached *** piety under Trog
  2264 | D:4      | Noticed dickylongcocking's ghost (amateur OpWz)
  2277 | D:4      | Killed dickylongcocking's ghost
  2277 | D:4      | Reached XP level 6. HP: 42/57 MP: 5/5
  2277 | D:4      | Reached skill level 6 in Axes
  2779 | D:4      | Found an iron altar of Okawaru.
  3500 | D:5      | Entered Level 5 of the Dungeon
  3566 | D:5      | Reached XP level 7. HP: 55/64 MP: 6/6
  3651 | D:5      | Found Esiehoru's Assorted Antiques.
  3658 | D:5      | Bought a scroll labeled RIOLOMOHAM for 18 gold pieces
  3658 | D:5      | Bought a black potion for 16 gold pieces
  3658 | D:5      | Bought a scroll labeled ZORCHETRETA for 18 gold pieces
  4200 | D:6      | Reached skill level 7 in Axes
  4248 | D:6      | Reached XP level 8. HP: 43/73 MP: 7/7
  4568 | D:6      | Found an ancient bone altar of Kikubaaqudgha.
  4795 | D:6      | Identified Tanedgh's Handbook of the Lethal Traveller
  5012 | D:7      | Reached skill level 5 in Armour
  5055 | D:7      | Reached **** piety under Trog
  5437 | D:7      | Reached skill level 8 in Axes
  5571 | D:7      | Found a burning altar of Makhleb.
  5582 | D:7      | Found a stormy altar of Qazlal.
  5674 | D:7      | Reached skill level 5 in Dodging
  5679 | D:7      | Reached XP level 9. HP: 82/82 MP: 8/8
  5690 | D:7      | Found a staircase to the Ecumenical Temple.
  5966 | D:8      | Found a glowing silver altar of Zin.
  6179 | D:8      | Reached skill level 1 in Throwing
  6340 | D:8      | Noticed Prince Ribbit
  6365 | D:8      | Killed Prince Ribbit
  6365 | D:8      | Reached skill level 9 in Axes
  6676 | D:9      | Noticed a two-headed ogre
  6685 | D:9      | Killed a two-headed ogre
  6999 | D:9      | Reached skill level 10 in Fighting
  7005 | D:9      | Reached skill level 10 in Axes
  7133 | D:9      | Found a glowing silver altar of Zin.
  7155 | D:9      | Found a shimmering altar of Xom.
  7179 | D:9      | Found a shadowy altar of Dithmenos.
  7179 | D:9      | Found a shimmering altar of Xom.
  7184 | D:9      | Found a hide-covered altar of Uskayaw.
  7184 | D:9      | Found a hide-covered altar of Uskayaw.
  7184 | D:9      | Found a shadowy altar of Dithmenos.
  7195 | D:9      | Reached ***** piety under Trog
  7438 | D:9      | Noticed a queen bee
  7444 | D:9      | Reached XP level 10. HP: 93/93 MP: 9/9
  7975 | D:10     | Entered Level 10 of the Dungeon
  8116 | D:10     | Reached skill level 11 in Axes
  8176 | D:10     | Noticed a two-headed ogre
  8185 | D:10     | Killed from afar by an orc priest

Vault maps used:
D:1:      eino_arrival_cavern_d, minmay_domino_2
D:2:      st_stairs_12, uniq_robin
D:3:      cheibriados_altar_1, tso_altar, marbit_many_paths,
          minmay_misc_feat_doors, grunt_decor_one_mirror
D:4:      lemuel_round_altar, first_bread, kennysheep_generic_room_4
D:5:      serial_shops, nicolae_shop_stone, dk_rats_in_the_wall
D:6:      lemuel_crystal_altar
D:7:      grunt_temple_overflow_open, nicolae_overflow_hidden_temple,
          minmay_temple_entry_large_hall
D:8:      basic_altar, grunt_ogre_cave, uniq_prince_ribbit1
D:9:      doesnt_xom_only_xom, kennysheep_little_box
D:10:     david_orc_1_choice

Skill      XL: |  1  2  3  4  5  6  7  8  9 10 |
---------------+-------------------------------+-----
Fighting       | 4 5 6 7 8 10 | 10.8
Axes           | 4 5 6 7 8 10 11 | 11.1
Shields        | 1 2 3 4 |  4.6
Armour         | 3 4 5 6 7 |  7.4
Dodging        | 3 4 5 6 |  6.6
Throwing       | 3 4 |  4.1

Action                   |  1- 3 |  4- 6 |  7- 9 | 10-12 || total
-------------------------+-------+-------+-------+-------++-------
Melee: Hand axe          |    76 |   137 |   198 |       ||   411
       Headbutt          |    18 |    28 |    81 |    29 ||   156
       Broad axe         |       |       |   177 |   111 ||   288
       Battleaxe         |       |       |       |    39 ||    39
Throw: Tomahawk          |       |       |     6 |       ||     6
Invok: Berserk           |       |     1 |       |       ||     1
       Burn Spellbooks   |       |       |     1 |       ||     1
  Use: Scroll            |       |     6 |     8 |     1 ||    15
       Potion            |       |       |       |     2 ||     2
  Eat: Chunk             |     1 |     1 |     5 |       ||     7
       Meat ration       |       |     2 |       |       ||     2
       Royal jelly       |       |       |     2 |       ||     2
       Fruit             |       |       |     1 |     3 ||     4
Armor: Animal skin       |     5 |       |       |       ||     5
       Chain mail        |    25 |    54 |   186 |    74 ||   339
Dodge: Dodged            |    27 |    53 |   149 |    75 ||   304
Block: Buckler           |     4 |    39 |   131 |    47 ||   221
